 Dungeon Crawl Stone Soup version 0.29.1-4-g47bece8355 (webtiles) character file.

Game seed: 13365385389542193819

462 tkbsonic5 the Grasshopper (level 7, -2/49 (53) HPs)
             Began as a Barachi Warper on Dec 12, 2022.
             Was an Initiate of Ignis.
             Slain by a wight
             ... wielding a +3 falchion
              (7 damage)
             ... on level 4 of the Dungeon.
             The game lasted 00:13:41 (3814 turns).

tkbsonic5 the Grasshopper (Barachi Warper)          Turns: 3814, Time: 00:13:43

HP:   -2/49 (53)    AC: 11    Str: 14    XL:     7   Next: 7%
MP:   11/11         EV: 12    Int: 14    God:    Ignis [......]
Gold: 95            SH:  0    Dex: 11    Spells: 4/12 levels left

rFire   + . .      SeeInvis .   h - +0 dagger (holy)
rCold   . . .      Faith    .   (no shield)
rNeg    + . .      Spirit   .   b - +0 leather armour
rPois   .          Reflect  .   (no helmet)
rElec   .          Harm     .   (no cloak)
rCorr   .          Rampage  .   (no gloves)
Will    .....                   f - +0 pair of boots
Stlth   +.........              (no amulet)
HPRegen 0.16/turn               g - ring of positive energy
MPRegen 0.12/turn               (no ring)

@: fiery-armoured, drained, slow
A: amphibious, slowness 1, strong legs 1, +LOS
a: Hop, Renounce Religion, Rising Flame


You were on level 4 of the Dungeon.
You worshipped Ignis.
Ignis was noncommittal.
You visited 1 branch of the dungeon, and saw 3 of its levels.

You collected 95 gold pieces.

Inventory:

Hand Weapons
 a - a +0 falchion
 h - a +0 dagger of holy wrath (weapon)
 k - a +0 sling
Missiles
 d - 2 poisoned darts (quivered)
Armour
 b - a +0 leather armour (worn)
 f - a +0 pair of boots (worn)
 i - a +0 ring mail
 j - a +1 plate armour of cold resistance
Jewellery
 g - a ring of positive energy (left hand)
Scrolls
 c - a scroll of blinking
 l - a scroll of teleportation
 m - a scroll of enchant armour {unknown}
 p - a scroll of fog {unknown}
 q - a scroll of identify
 r - a scroll of poison
 s - a scroll of noise {unknown}
Potions
 e - a potion of haste {unknown}
 n - a potion of curing {unknown}
 o - a potion of heal wounds


   Skills:
 + Level 3.6 Fighting
 * Level 4.3 Long Blades
 * Level 3.0 Throwing
 + Level 2.7 Armour
 + Level 3.2 Dodging
 + Level 3.1 Spellcasting
 * Level 4.9 Translocations


You had 4 spell levels left.
You knew the following spells:

 Your Spells              Type           Power      Damage    Failure   Level
a - Blink                 Tloc           30%        N/A       5%          2
b - Lesser Beckoning      Tloc           15%        N/A       11%         3
c - Teleport Other        Tloc           15%        N/A       11%         3

Your spell library contained the following spells:

 Spells                   Type           Power      Damage    Failure   Level
 Gell's Gravitas          Tloc           15%        N/A       11%         3
 Manifold Assault         Tloc           15%        N/A       67%         5


Dungeon Overview and Level Annotations

Branches:
Dungeon (2/15)

Altars:
Xom
Ignis


Innate Abilities, Weirdness & Mutations

You are amphibious.
You cover ground slowly.
You can hop short distances.
You have an extended range of vision and can be seen from far away.


Message History

Your +0 dagger of holy wrath softly glows with a divine radiance!
h - a +0 dagger of holy wrath (weapon)
The wight barely misses you.
You hit the wight but do no damage. The wight hits you with a +3 falchion!
You partially resist.
You feel drained.
You closely miss the wight. You barely miss the wight.
The wight hits you with a +3 falchion. You partially resist.
You feel drained.
You hit the wight.
The wight convulses.
The wight is moderately damaged.
The wight hits you with a +3 falchion.
You barely miss the wight.
The wight is moderately damaged.
The wight hits you with a +3 falchion!
You hit the wight but do no damage.
The wight is moderately damaged.
The wight misses you.
A protective cloak of flame settles atop you.
The wight barely misses you.
You hit the wight.
The wight convulses.
The wight is moderately damaged.
The wight hits you with a +3 falchion!
* * * LOW HITPOINT WARNING * * *
You partially resist.
You feel drained.
* * * LOW HITPOINT WARNING * * *
You hit the wight but do no damage.
The wight is moderately damaged.
The wight hits you with a +3 falchion.
* * * LOW HITPOINT WARNING * * *
You closely miss the wight.
The wight is moderately damaged.
The wight hits you with a +3 falchion.
* * * LOW HITPOINT WARNING * * *
Activating: Foxfire Swarm
Press: ? - help, Dir - look around, f - activate Flames leap up around you!
You can no longer armour yourself in flame.
You can no longer call a swarm of foxfires against your foes.
The wight hits you with a +3 falchion!
You die...

.......zz..... ...
+.........'..
...#.###.##... ..#
#.........### #.##.#
... ..# ##.......##
####.# ... ..#
##.....## #.# #.# #.#
##...## #.# #.# #.#
##+## ####.# # #.# #v#
#.# .....# #.#.# #z#
#.####### ######
#.#.###@# ##.#......
#....vvv# ##....####.
###.##### #.....# #.
##.## ######....####.
#...#####..............
##........#######.####.
########## #.####.
#...... #######


You could see a wight (ally target).

Vanquished Creatures
  A black bear (D:4)
  A phantom (D:4)
  3 wights (D:4)
  A hound (D:4)
  An iguana (D:4)
  3 adders
  A worm (D:2)
  2 dart slugs
  7 endoplasms
  3 giant cockroaches
  6 goblins
  4 hobgoblins
  4 kobolds (D:1)
  2 quokkas (D:2)
  10 ball pythons
  2 bats (D:1)
  2 frilled lizards
  A rat (D:1)
54 creatures vanquished.

Vanquished Creatures (collateral kills)
  A bat (D:2)
1 creature vanquished.

Vanquished Creatures (others)
  A rat (D:1)
  13 foxfires (D:4)
  2 plants (D:2)
16 creatures vanquished.

Grand Total: 71 creatures vanquished

Notes
Turn   | Place    | Note
-------+----------+-------------------------------------------
     0 | D:1      | tkbsonic5 the Barachi Warper began the quest for the Orb.
     0 | D:1      | Reached XP level 1. HP: 17/17 MP: 3/3
   575 | D:1      | Reached XP level 2. HP: 23/23 MP: 5/5
   578 | D:1      | Learned a level 2 spell: Blink
   977 | D:1      | Reached XP level 3. HP: 28/28 MP: 6/6
   981 | D:1      | Learned a level 3 spell: Lesser Beckoning
  1359 | D:2      | Found a faded altar of an unknown god.
  1363 | D:2      | Prayed at the altar of an unknown god.
  1363 | D:2      | Became a worshipper of Ignis, the Dying Flame
  1890 | D:2      | Found a shimmering altar of Xom.
  1903 | D:2      | Reached XP level 4. HP: 12/34 MP: 7/7
  2320 | D:2      | You fall into a shaft and drop 2 floors!
  2388 | D:4      | Noticed a phantom
  2405 | D:4      | Killed a phantom
  2406 | D:4      | Reached XP level 5. HP: 31/41 MP: 7/9
  2529 | D:4      | Learned a level 3 spell: Teleport Other
  3037 | D:4      | Noticed a black bear
  3047 | D:4      | Killed a black bear
  3048 | D:4      | Reached XP level 6. HP: 32/47 MP: 10/10
  3247 | D:4      | Reached XP level 7. HP: 36/53 MP: 11/11
  3814 | D:4      | Slain by a wight

Illustrated notes

Levels and vault maps discovered:
D:1:      dpeg_arrival_another_circle, layout_basic
D:2:      layout_basic, basic_altar, hellmonk_ecumenical_altar_heavens_door,
          minmay_statues_item, minmay_shallow_snake_nest
D:4:      layout_loops_corners

Skill      XL: |  1  2  3  4  5  6 |
---------------+-------------------+-----
Fighting       | 3 |  3.6
Long Blades    | 3 4 |  4.3
Throwing       | 2 3 |  3.0
Armour         | 2 |  2.7
Translocations | 4 |  4.9
Dodging        | 3 |  3.2
Spellcasting   | 3 |  3.1

Action                   |  1- 3 |  4- 6 |  7- 9 || total
-------------------------+-------+-------+-------++-------
Melee: Falchion          |    61 |    55 |    13 ||   129
       Punch             |     3 |     2 |     1 ||     6
       Dagger            |     3 |       |     9 ||    12
 Fire: Sling             |     3 |       |       ||     3
Throw: Javelin           |    32 |     6 |       ||    38
       Dart              |    22 |    10 |       ||    32
       Boomerang         |     7 |       |       ||     7
 Cast: Lesser Beckoning  |       |     1 |       ||     1
Invok: Fiery Armour      |     1 |     5 |     1 ||     7
       Foxfire Swarm     |       |     2 |     1 ||     3
 Abil: Hop               |     2 |     1 |       ||     3
  Use: Scroll            |     5 |       |       ||     5
       Potion            |     5 |       |       ||     5
 Stab: Sleeping          |       |       |     1 ||     1
Armor: Leather armour    |    24 |    17 |     4 ||    45
Dodge: Dodged            |    39 |    46 |    16 ||   101
